AoeStats
← TSAO BING

Arabia

504689878Analyzed
1v1 RM · 26d ago on Sep 6, 2026· 38m 16s· 2 players
Game mode
Random Map
Map size
Tiny (2 player)
Population
200
Speed
Normal
Resources
Standard
Victory
Conquest
Starting age
Dark Age
Ending age
Imperial Age
RankedLock teamsTeams togetherTeam positionsShared explorationLock speedFull tech treeHidden civsTurbo modeCheats
Victory
Defeat
🇨🇳 Poles · China
1229
+17
🇹🇼 Ethiopians · Taiwan
1255
-17
洋小蛋
7:04 Loom
9:29 Feudal Age
9:57 Horse Collar
10:08 Double-Bit Axe
18:15 Wheelbarrow
18:44 Fletching
21:23 Castle Age
19:43 Gold Mining
20:04 Scale Barding Armor
20:38 Forging
20:43 Bloodlines
21:25 Padded Archer Armor
22:20 Bow Saw
22:11 Heavy Plow
21:35 Light Cavalry
22:36 Bodkin Arrow
22:45 Elite Skirmisher
26:27 Chain Barding Armor
28:26 Husbandry
29:29 Iron Casting
32:10 Stone Mining
34:33 Ballistics
35:21 Stone Shaft Mining
35:40 Leather Archer Armor
37:14 Thumb Ring
TSAO BING
6:50 Loom
9:12 Feudal Age
10:00 Double-Bit Axe
13:10 Horse Collar
14:54 Town Watch
16:53 Fletching
17:34 Gold Mining
18:56 Padded Archer Armor
23:51 Castle Age
22:24 Stone Mining
24:10 Scale Barding Armor
24:43 Bodkin Arrow
24:34 Elite Skirmisher
24:41 Crossbowman
25:26 Thumb Ring
29:06 Wheelbarrow
31:46 Ballistics
37:45 Leather Archer Armor
Connection lost

Rejoining the realm…

Still unreachable

The connection could not be restored.

Session expired

The server has moved on; the page needs a fresh start.